 Dungeon Crawl Stone Soup version 0.30.1 (webtiles) character file.

Game seed: 16074977379927544227

52 booth the Gusty (level 3, -1/25 (27) HPs)
             Began as a Draconian Air Elementalist on July 9, 2023.
             Slain by Crazy Yiuf
             ... wielding a +4 quarterstaff of chaos
              (5 damage)
             ... on level 2 of the Dungeon.
             The game lasted 00:14:58 (1833 turns).

booth the Gusty (Draconian Air Elementalist)        Turns: 1833, Time: 00:14:58

HP:   -1/25 (27)    AC: 13    Str: 10    XL:     3   Next: 60%
MP:   2/6           EV: 12    Int: 23    God:
Gold: 130           SH:  0    Dex: 11    Spells: 0/6 levels left

rFire   . . .        m - +0 hammer (protect)
rCold   . . .        (no shield)
rNeg    . . .        (body armour unavailable)
rPois   .            (helmet restricted)
rElec   .            f - +0 cloak
rCorr   .            (no gloves)
SInv    .            (no boots)
Will    .....        (no amulet)
Stlth   ++           e - +6 ring of intelligence
HPRegen 0.24/turn    (no ring)
MPRegen 0.10/turn

%: no passive effects
@: lethally poisoned (-1 -> -3), under a protective aura, drained
A: AC +5, unfitting armour, cold-blooded
a: no special abilities


You were on level 2 of the Dungeon.
You visited 1 branch of the dungeon, and saw 2 of its levels.

You collected 130 gold pieces.

Inventory:

Hand Weapons
 m - a +0 hammer of protection (weapon)
Missiles
 d - 5 boomerangs (quivered)
 o - 2 javelins
Armour
 f - a +0 cloak (worn)
Jewellery
 e - a +6 ring of intelligence (left hand)
Scrolls
 b - a scroll of teleportation {unknown}
 i - a scroll of enchant weapon {unknown}
 j - a scroll of enchant armour {unknown}
 k - a scroll of amnesia {unknown}
 n - a scroll of identify
Potions
 a - a potion of invisibility {unknown}
 c - a potion of lignification
 g - a potion of heal wounds {unknown}
 h - a potion of might {unknown}
 l - a potion of flight {unknown}


   Skills:
 + Level 0.3 Fighting
 + Level 0.3 Maces & Flails
 + Level 0.5 Throwing
 + Level 2.2 Dodging
 + Level 2.1 Stealth
 + Level 2.3 Spellcasting
 + Level 1.7 Conjurations
 + Level 3.2 Air Magic


You couldn't memorise any spells.
You knew the following spells:

 Your Spells              Type           Power      Damage    Failure   Level
a - Shock                 Conj/Air       56%        1d6       4%          1
b - Static Discharge      Conj/Air       28%        2-4/arc   7%          2
c - Swiftness             Air            17%        N/A       10%         3

Your spell library contained the following spells:

 Spells                   Type           Power      Damage    Failure   Level
 Freeze                   Ice            8%         1d3       13%         1
 Hailstorm                Conj/Ice       6%         3d4       26%         3
 Airstrike                Air            8%         2d(2-18)  32%         4
 Frozen Ramparts          Ice            4%         1d1       36%         3


Dungeon Overview and Level Annotations

Branches:
Dungeon (2/15)

Altars:

Annotations:
D:2 Crazy Yiuf


Innate Abilities, Weirdness & Mutations

Your plain brown scales are hard. (AC +5)
You cannot fit into any form of body armour.
You are cold-blooded and may be slowed by cold attacks.


Message History

You see here a +0 hammer.
Found a hammer.
Crazy Yiuf shouts!
Crazy Yiuf twirls on the spot.
You see here a +0 hammer.
You see here a +0 hammer.
Found three hammers.
You see here a +0 hammer.
You open the door.
Casting: Static Discharge (safe; 7% risk of failure)
Confirm with . or Enter, or press ? or * to list all spells.
Aiming: Shock (safe; 4% risk of failure)
Press: ? - help, Shift-Dir - straight line The zap hits Crazy Yiuf.
Crazy Yiuf is lightly wounded.
Crazy Yiuf hits you with a +4 quarterstaff of chaos!
You feel drained.
Casting: Shock (safe; 4% risk of failure)
Confirm with . or Enter, or press ? or * to list all spells.
Crazy Yiuf is struck by an arc of lightning.
Crazy Yiuf is moderately wounded.
You are struck by an arc of lightning.
The lightning grounds out.
Crazy Yiuf hits you with a +4 quarterstaff of chaos.
You are poisoned.
Casting: Static Discharge (safe; 7% risk of failure)
Confirm with . or Enter, or press ? or * to list all spells.
Aiming: Shock (safe; 4% risk of failure)
Press: ? - help, Shift-Dir - straight line The zap misses Crazy Yiuf.
You feel sick. Crazy Yiuf misses you.
You barely miss Crazy Yiuf.
Crazy Yiuf is moderately wounded.
You feel sick.
Crazy Yiuf grits, "Rot!
Cards canine rumpyflump."
Crazy Yiuf barely misses you.
You hit Crazy Yiuf.
Your weapon exudes an aura of protection.
Crazy Yiuf is moderately wounded.
You feel sick.
Crazy Yiuf hits you with a +4 quarterstaff of chaos.
You die...

..#.###.#.####....#
#..##.##..## #.)..#
.#.......#.# #....#
.#.####..#.# #)..##
.#.###..#..# ##.##
.#......#.## #)##
....#.##..# ##)#
.#.##.##.## #)##
##.##....# ##@#
#.##..### #g#
#.##..# )))
##.#..## #)))#
......### #).)#
........### #####
...#..#...#
##.######.## ######
...# ####..###....#


You could see Crazy Yiuf.

Vanquished Creatures
  A worm (D:2)
  2 dart slugs (D:2)
  4 ball pythons
  A bat (D:1)
  4 endoplasms
  3 giant cockroaches
  6 goblins
  7 hobgoblins
  A jackal (D:2)
  2 kobolds (D:1)
  A quokka (D:2)
  2 frilled lizards
  5 rats
39 creatures vanquished.

Notes
Turn   | Place    | Note
-------+----------+-------------------------------------------
     0 | D:1      | booth the Draconian Air Elementalist began the quest for
                  | the Orb.
     0 | D:1      | Reached XP level 1. HP: 14/14 MP: 3/3
   269 | D:1      | Reached XP level 2. HP: 20/20 MP: 3/5
   272 | D:1      | Learned a level 2 spell: Static Discharge
  1050 | D:2      | Reached XP level 3. HP: 12/26 MP: 1/6
  1378 | D:2      | Learned a level 3 spell: Swiftness
  1824 | D:2      | Found a runed translucent door.
  1825 | D:2      | Noticed Crazy Yiuf
  1833 | D:2      | Slain by Crazy Yiuf

Illustrated notes

Levels and vault maps discovered:
D:1:      nagdon_arrival_double_spiral, layout_rooms
D:2:      layout_rooms, minmay_heptomino_d4, uniq_crazy_yiuf_cottage

Skill      XL: |  1  2 |
---------------+-------+-----
Stealth        | 2 |  2.1
Dodging        | 2 |  2.2
Fighting       | |  0.3
Maces & Flails | |  0.3
Throwing       | |  0.5
Spellcasting   | |  2.3
Conjurations   | |  1.7
Air Magic      | |  3.2

Action                     || total
---------------------------++-------
  Melee: Unarmed           ||     7
         Tailslap          ||     1
         Mace              ||    12
   Cast: Shock             ||    73
         Static Discharge  ||     2
    Use: Potion            ||     1
         Scroll            ||     1
 Armour: Skin              ||    15
  Dodge: Dodged            ||    26
